 Dungeon Crawl Stone Soup version 0.27.1-33-g824d729ab1 (webtiles) character file.

Game seed: 8350052062018074894

816 styxcanada the Covert (level 7, 0/35 HPs)
             Began as a Spriggan Brigand on Dec 10, 2021.
             Was an Initiate of Gozag.
             Slain by a sky beast (5 damage)
             ... on level 5 of the Dungeon.
             The game lasted 00:21:57 (6290 turns).

styxcanada the Covert (Spriggan Brigand)            Turns: 6290, Time: 00:21:59

Health: 0/35       AC:  3    Str:  7    XL:     7   Next: 62%
Magic:  8/8        EV: 19    Int: 12    God:    Gozag
Gold:   276        SH:  0    Dex: 19    Spells: 6/6 levels left

rFire    . . .     SeeInvis +   a - +2 dagger
rCold    + . .     Faith    .   (shield restricted)
rNeg     . . .     Spirit   .   b - +0 robe
rPois    .         Reflect  .   (helmet restricted)
rElec    .         Harm     .   c - +0 cloak
rCorr    .         Rampage  .   (gloves unavailable)
Will     +....                  (boots unavailable)
Stlth    +++++.....             (no amulet)
HPRegen  0.11/turn              m - ring of protection from cold
MPRegen  0.11/turn              (no ring)

@: flying, very quick
A: very small, no large weapons, unfitting armour, see invisible, speed 3
a: Renounce Religion, Potion Petition, Call Merchant, Bribe Branch


You were on level 5 of the Dungeon.
You worshipped Gozag.
Gozag was aware of your devotion.
You visited 2 branches of the dungeon, and saw 6 of its levels.
You also visited: Sewer.

You collected 315 gold pieces.
You paid 39 gold pieces to Gozag.

Inventory:

Hand Weapons
 a - a +2 dagger (weapon)
 k - a +0 hunting sling
 o - a +2 quarterstaff of chaos
 p - a +1 mace of protection
 s - a +5 flail of holy wrath
Missiles
 d - 32 poisoned darts (quivered)
 e - a curare-tipped dart
 f - 129 stones
 q - 44 sling bullets
 t - 5 boomerangs
Armour
 b - a +0 robe (worn)
 c - a +0 cloak (worn)
Jewellery
 m - a ring of protection from cold (left hand)
 x - a ring of protection from cold
Wands
 h - a wand of mindburst (9)
 j - a wand of iceblast (6)
 w - a wand of polymorph (7)
Scrolls
 n - 2 scrolls of teleportation
Potions
 g - 2 potions of invisibility
 i - 2 potions of lignification
 l - a potion of might
 r - a potion of resistance {unknown}
 u - 2 potions of flight
 v - a potion of attraction {unknown}


   Skills:
 * Level 2.9 Fighting
 + Level 3.7 Short Blades
 + Level 3.1 Throwing
 * Level 4.5 Dodging
 * Level 10.4 Stealth
 * Level 3.1 Evocations


You had 6 spell levels left.
You didn't know any spells.
Your spell library was empty.

Dungeon Overview and Level Annotations

Branches:
Dungeon (5/15)             Temple (1/1) D:4           Sewer (visited)

Altars:
Fedhas
Gozag
Kikubaaqudgha
Makhleb
Nemelex Xobeh
Qazlal
Ru
Trog
Vehumet
Yredelemnul
The Shining One

Shops:
D:3 :

Annotations:
D:3 Grinder


Innate Abilities, Weirdness & Mutations

You are very small and have problems with some larger weapons.
You are too small for most types of armour.
You have supernaturally acute eyesight. (SInv)
You cover ground extremely quickly. (Speed+++)


Message History

The centaur completely misses you.
You hit the centaur but do no damage.
The centaur is moderately wounded.
The centaur hits you. The centaur barely misses you. The sky beast hits you.
The sky beast shocks you.
* * * LOW HITPOINT WARNING * * *
You barely miss the centaur.
The centaur is moderately wounded.
The centaur hits you.
* * * LOW HITPOINT WARNING * * *
The centaur kicks you.
* * * LOW HITPOINT WARNING * * *
The sky beast barely misses you.
You feel better. The centaur misses you.
The centaur kicks you but does no damage.
The centaur hits you.
* * * LOW HITPOINT WARNING * * *
The centaur completely misses you.
The sky beast hits you but does no damage.
You feel better. The centaur closely misses you.
The centaur kicks you but does no damage.
The phantom is distracted by your dazzling golden aura.
The sky beast hits you. The sky beast shocks you.
* * * LOW HITPOINT WARNING * * *
You hit the centaur.
The centaur is heavily wounded.
The centaur barely misses you. The centaur completely misses you. x2
The centaur kicks you but does no damage.
The sky beast completely misses you.
You hit the centaur but do no damage.
The centaur is heavily wounded.
The centaur closely misses you.
The centaur kicks you but does no damage.
You hit the centaur but do no damage.
The centaur is heavily wounded.
The sky beast hits you.
* * * LOW HITPOINT WARNING * * *
The sky beast shocks you.
You die...
Your body crumbles into a pile of gold.

########## #.........
#.........
##############...≈≈≈...
#....>@YWr((....≈≈≈r≈..
#.###c#######...≈≈.≈≈..
#. ....[.≈≈≈≈≈.. ##
####...≈≈≈...
#)..$.$... #.........
####.###.# #.. ..#
#####.#


You could see a phantom, a sky beast (invisible, very poisoned), a centaur and a
river rat.

Vanquished Creatures
  Edmund (D:4)
  An ogre (D:4)
  A black bear (D:4)
  A kobold brigand (Sewer)
  A scorpion (D:4)
  Crazy Yiuf (D:3)
  An iguana (D:4)
  Natasha (twice) (D:2)
  2 orc wizards (D:4)
  Ijyb (D:3)
  Robin (D:3)
  5 adders
  3 river rats
  6 dart slugs
  12 orcs
  7 ball pythons
  9 bats
  8 endoplasms
  7 giant cockroaches
  6 goblins
  7 hobgoblins
  A jackal (Sewer)
  4 quokkas
  4 frilled lizards
  12 kobolds
  30 rats
134 creatures vanquished.

Notes
Turn   | Place    | Note
-------+----------+-------------------------------------------
     0 | D:1      | styxcanada the Spriggan Brigand began the quest for the
                  | Orb.
     0 | D:1      | Reached XP level 1. HP: 10/10 MP: 2/2
    54 | D:1      | Reached skill level 6 in Stealth
   288 | D:1      | Reached XP level 2. HP: 15/15 MP: 3/3
   707 | D:1      | Reached skill level 7 in Stealth
  1078 | D:2      | Reached XP level 3. HP: 18/18 MP: 4/4
  1888 | D:2      | Noticed Natasha
  1891 | D:2      | Killed Natasha
  1892 | D:2      | Reached XP level 4. HP: 23/23 MP: 5/5
  1951 | D:2      | Reached skill level 8 in Stealth
  2315 | D:3      | Noticed Grinder
  2629 | D:2      | Noticed Natasha
  2642 | D:2      | Killed Natasha
  2827 | D:3      | Noticed Ijyb
  2830 | D:3      | Killed Ijyb
  2831 | D:3      | Reached XP level 5. HP: 26/26 MP: 6/6
  2840 | D:3      | Noticed Robin
  3007 | D:3      | Killed Robin
  3008 | D:3      | Reached skill level 1 in Evocations
  3319 | D:3      | Found a runed translucent door.
  3320 | D:3      | Noticed Crazy Yiuf
  3344 | D:3      | Killed Crazy Yiuf
  3679 | D:3      | Found Atrol's Book Shop.
  3924 | D:4      | Reached XP level 6. HP: 31/32 MP: 7/7
  4080 | D:4      | Noticed Edmund
  4125 | D:4      | Killed Edmund
  4126 | D:4      | Reached skill level 9 in Stealth
  4559 | D:4      | Reached XP level 7. HP: 35/35 MP: 8/8
  4663 | D:4      | Found a staircase to the Ecumenical Temple.
  4675 | Temple   | Entered the Ecumenical Temple
  4725 | Temple   | Became a worshipper of Gozag Ym Sagoz the Greedy
  4899 | D:4      | Reached skill level 10 in Stealth
  5681 | D:5      | Entered Level 5 of the Dungeon
  5721 | D:5      | Found a glowing drain.
  5735 | Sewer    | Entered a sewer
  6195 | Sewer    | Found a white marble altar of Elyvilon.
  6290 | D:5      | Slain by a sky beast

Illustrated notes

Levels and vault maps discovered:
D:1:      minmay_arrival_cross, layout_basic
D:2:      layout_loops_ring, st_stairs_2, minmay_rat_hole, uniq_natasha
D:3:      layout_rooms, serial_shops, nicolae_shop_trees, minmay_misc_feat_tiny,
          kennysheep_generic_room_5, uniq_crazy_yiuf_cottage, uniq_ijyb,
          uniq_grinder, uniq_robin
D:4:      layout_gridville, minmay_temple_entry_steel_oval, uniq_edmund
D:5:      layout_basic, zin_statuary, portal_sewer_entry_a, uniq_sigmund
Temple:   grunt_wide_crystal_templ

Skill      XL: |  1  2  3  4  5  6  7 |
---------------+----------------------+-----
Stealth        | 6 7 8 9 10 | 10.4
Fighting       | 2 |  2.9
Dodging        | 2 3 4 |  4.5
Evocations     | 1 2 3 |  3.1
Short Blades   | 3 |  3.7
Throwing       | 3 |  3.1

Action                   |  1- 3 |  4- 6 |  7- 9 || total
-------------------------+-------+-------+-------++-------
Melee: Dagger            |   120 |   150 |   134 ||   404
 Fire: Hunting sling     |       |     3 |       ||     3
Throw: Dart              |    12 |    20 |    35 ||    67
Evoke: Wand              |       |       |     3 ||     3
  Use: Scroll            |       |     3 |     3 ||     6
       Potion            |       |       |     3 ||     3
 Stab: Sleeping          |    12 |    11 |    12 ||    35
       Distracted        |       |     1 |     1 ||     2
Armor: Robe              |    21 |     7 |    16 ||    44
Dodge: Dodged            |    63 |    92 |    97 ||   252
